| TOP OF THE 1ST |
|
New Jersey Devils batting - Pitching for Chester Pirates : LHP Stan Stirnweiss
|
|
Pitching: LHP Stan Stirnweiss
|
|
|
Batting: RHB Larry Shoop
|
0-0: Ball 1-0: Swinging Strike 1-1: Ball 2-1: Swinging Strike 2-2: Foul Ball, location: 2F 2-2: Ball 3-2: Base on Balls
|
|
Batting: LHB Bayesa Mundhir
|
0-0: Foul Ball, location: 2F 0-1: Ball 1-1: Fly out, F8 (Flyball, 89D, EV 82.5 MPH)
|
|
Batting: RHB Gang-sheng Chew
|
0-0: Called Strike 0-1: Ball 1-1: Fly out, F7 (Line Drive, 7, EV 92.5 MPH)
|
|
Batting: RHB Bobby Coulombe
|
0-0: Ball Larry Shoop steals 2nd base 1-0: Ball 2-0: Called Strike 2-1: Ball 3-1: Base on Balls
|
|
Batting: SHB Alex Cavazos
|
0-0: Ball 1-0: Ball 2-0: Ball 3-0: Called Strike 3-1: Fly out, F8 (Line Drive, 8LM, EV 103.1 MPH)
|
| Top of the 1st over - 0 runs, 0 hits, 0 errors, 2 left on base; New Jersey 0 - Chester 0 |
| BOTTOM OF THE 1ST |
|
Chester Pirates batting - Pitching for New Jersey Devils : RHP Jason Horvath
|
|
Pitching: RHP Jason Horvath
|
|
|
Batting: RHB Terrence Wilson
|
0-0: SINGLE (Groundball, 15S, EV 71.3 MPH) (infield hit)
|
|
Batting: RHB Tim Moore
|
0-0: Foul Ball, location: 2F 0-1: Ball 1-1: Swinging Strike 1-2: Fly out, F7 (Flyball, 7D, EV 80.0 MPH) Runner from 1st tags up, SAFE at 2nd
|
|
Batting: RHB Zach Chmieleski
|
0-0: Called Strike 0-1: Foul Ball, location: 2F 0-2: Ball 1-2: SINGLE (Groundball, 34D, EV 108.1 MPH) Terrence Wilson to third Runner from 3rd tries for Home, SAFE, throw by RF to home Zach Chmieleski to second
|
|
Batting: LHB Carlos Vega
|
0-0: Foul Ball, location: 2F 0-1: Swinging Strike 0-2: Ball 1-2: SINGLE (Groundball, 34D, EV 103.1 MPH) Zach Chmieleski to third Runner from 3rd tries for Home, throw by RF and OUT! 9-2
|
|
Batting: RHB Jeff Edwards
|
0-0: Ball Wild Pitch! Carlos Vega to second 1-0: Foul Ball, location: 2F 1-1: Ball 2-1: Ground out 1-3 (Groundball, 13, EV 65.6 MPH)
|
| Bottom of the 1st over - 1 run, 3 hits, 0 errors, 1 left on base; New Jersey 0 - Chester 1 |
| TOP OF THE 2ND |
|
New Jersey Devils batting - Pitching for Chester Pirates : LHP Stan Stirnweiss
|
|
Batting: RHB Chris Artz
|
0-0: SINGLE (Flyball, 56D, EV 90.6 MPH)
|
|
Batting: SHB Nick Daigle
|
0-0: Ball 1-0: Fly out, F9 (Flyball, 9D, EV 82.5 MPH)
|
|
Batting: RHB Brian Bonin
|
0-0: Called Strike 0-1: Foul Ball, location: 2F 0-2: Ball 1-2: Ball 2-2: Fly out, F7 (Flyball, 7LS, EV 86.9 MPH)
|
|
Batting: RHB Mike Hanks
|
0-0: Swinging Strike 0-1: Ball 1-1: Swinging Strike 1-2: Strikes out swinging
|
| Top of the 2nd over - 0 runs, 1 hit, 0 errors, 1 left on base; New Jersey 0 - Chester 1 |
| BOTTOM OF THE 2ND |
|
Chester Pirates batting - Pitching for New Jersey Devils : RHP Jason Horvath
|
|
Batting: RHB Dan Kurtz
|
0-0: Foul Ball, location: 2F 0-1: Ball 1-1: Fly out, F8 (Line Drive, 8LM, EV 86.3 MPH)
|
|
Batting: LHB Dustin Herman
|
0-0: SINGLE (Flyball, 9S, EV 98.1 MPH)
|
|
Batting: RHB Frank Elizondo
|
0-0: Grounds into double play, 4-6-3 (Groundball, 34, EV 86.9 MPH)
|
| Bottom of the 2nd over - 0 runs, 1 hit, 0 errors, 0 left on base; New Jersey 0 - Chester 1 |
| TOP OF THE 3RD |
|
New Jersey Devils batting - Pitching for Chester Pirates : LHP Stan Stirnweiss
|
|
Batting: RHB Larry Shoop
|
0-0: Fly out, F7 (Line Drive, 7, EV 90.6 MPH)
|
|
Batting: LHB Bayesa Mundhir
|
0-0: Called Strike 0-1: Ball 1-1: Ball 2-1: Fly out, F8 (Flyball, 8RD, EV 91.3 MPH)
|
|
Batting: RHB Gang-sheng Chew
|
0-0: Ball 1-0: Called Strike 1-1: Called Strike 1-2: SOLO HOME RUN (Flyball, 7LD, EV 91.3 MPH), Distance : 350 ft
|
|
Batting: RHB Bobby Coulombe
|
0-0: Called Strike 0-1: Ball 1-1: Ball 2-1: Foul Ball, location: 2F 2-2: Ball 3-2: Foul Ball, location: 2F 3-2: Ground out 4-3 (Groundball, 4D, EV 101.9 MPH)
|
| Top of the 3rd over - 1 run, 1 hit, 0 errors, 0 left on base; New Jersey 1 - Chester 1 |
| BOTTOM OF THE 3RD |
|
Chester Pirates batting - Pitching for New Jersey Devils : RHP Jason Horvath
|
|
Batting: RHB Erik Mulligan
|
0-0: Ground out 6-3 (Groundball, 6, EV 83.8 MPH)
|
|
Batting: RHB Terrence Wilson
|
0-0: Fly out, F7 (Line Drive, 7, EV 90.0 MPH)
|
|
Batting: RHB Tim Moore
|
0-0: SINGLE (Groundball, 4D, EV 95.0 MPH)
|
|
Batting: RHB Zach Chmieleski
|
0-0: Foul Ball, location: 2F 0-1: Fly out, F7 (Flyball, 7S, EV 78.1 MPH)
|
| Bottom of the 3rd over - 0 runs, 1 hit, 0 errors, 1 left on base; New Jersey 1 - Chester 1 |
| TOP OF THE 4TH |
|
New Jersey Devils batting - Pitching for Chester Pirates : LHP Stan Stirnweiss
|
|
Batting: SHB Alex Cavazos
|
0-0: Foul Ball, location: 2F 0-1: Swinging Strike 0-2: Ball 1-2: Ball 2-2: Strikes out swinging
|
|
Batting: RHB Chris Artz
|
0-0: Foul Ball, location: 2F 0-1: Swinging Strike 0-2: Strikes out swinging
|
|
Batting: SHB Nick Daigle
|
0-0: Foul Ball, location: 2F 0-1: SINGLE (Groundball, 4S, EV 68.8 MPH) (infield hit)
|
|
Batting: RHB Brian Bonin
|
0-0: Ball 1-0: Ball 2-0: Called Strike 2-1: Ball 3-1: Base on Balls Nick Daigle to second
|
|
Batting: RHB Mike Hanks
|
0-0: Ball 1-0: Foul Ball, location: 2F 1-1: Ball 2-1: Foul Ball, location: 2F 2-2: Ball 3-2: Strikes out looking
|
| Top of the 4th over - 0 runs, 1 hit, 0 errors, 2 left on base; New Jersey 1 - Chester 1 |
| BOTTOM OF THE 4TH |
|
Chester Pirates batting - Pitching for New Jersey Devils : RHP Jason Horvath
|
|
Batting: LHB Carlos Vega
|
0-0: Called Strike 0-1: Ground out 5-3 (Groundball, 5, EV 82.5 MPH)
|
|
Batting: RHB Jeff Edwards
|
0-0: Swinging Strike 0-1: Ball 1-1: Ball 2-1: Called Strike 2-2: Strikes out swinging
|
|
Batting: RHB Dan Kurtz
|
0-0: Called Strike 0-1: Fly out, F8 (Flyball, 8RXD, EV 100.6 MPH)
|
| Bottom of the 4th over - 0 runs, 0 hits, 0 errors, 0 left on base; New Jersey 1 - Chester 1 |
| TOP OF THE 5TH |
|
New Jersey Devils batting - Pitching for Chester Pirates : LHP Stan Stirnweiss
|
|
Batting: RHB Larry Shoop
|
0-0: Ball 1-0: Called Strike 1-1: Swinging Strike 1-2: Ball 2-2: Ground out 5-3 (Groundball, 56S, EV 86.3 MPH)
|
|
Batting: LHB Bayesa Mundhir
|
0-0: Foul Ball, location: 2F 0-1: Fly out, F8 (Flyball, 8RM, EV 90.0 MPH)
|
|
Batting: RHB Gang-sheng Chew
|
0-0: Ball 1-0: Fly out, F8 (Line Drive, 8LD, EV 95.6 MPH)
|
| Top of the 5th over - 0 runs, 0 hits, 0 errors, 0 left on base; New Jersey 1 - Chester 1 |
| BOTTOM OF THE 5TH |
|
Chester Pirates batting - Pitching for New Jersey Devils : RHP Jason Horvath
|
|
Batting: LHB Dustin Herman
|
0-0: SINGLE (Groundball, 6S, EV 66.9 MPH) (infield hit)
|
|
Batting: RHB Frank Elizondo
|
0-0: Called Strike 0-1: Called Strike 0-2: Ball 1-2: Fly out, F9 (Flyball, 9S, EV 80.6 MPH)
|
|
Batting: RHB Erik Mulligan
|
0-0: Ball 1-0: Foul Ball, location: 2F 1-1: Ball 2-1: Foul Ball, location: 2F 2-2: Fielders Choice at 2nd, 4-6 (Groundball, 4, EV 86.9 MPH)
|
|
Batting: RHB Terrence Wilson
|
0-0: Ball 1-0: Foul Ball, location: 2F 1-1: Ball 2-1: Ground out 5-3 (Groundball, 56S, EV 78.8 MPH)
|
| Bottom of the 5th over - 0 runs, 1 hit, 0 errors, 1 left on base; New Jersey 1 - Chester 1 |
| TOP OF THE 6TH |
|
New Jersey Devils batting - Pitching for Chester Pirates : LHP Stan Stirnweiss
|
|
Batting: RHB Bobby Coulombe
|
0-0: Foul Ball, location: 2F 0-1: Foul Ball, location: 2F 0-2: Fly out, F9 (Flyball, 89M, EV 85.6 MPH)
|
|
Batting: SHB Alex Cavazos
|
0-0: Called Strike 0-1: Called Strike 0-2: Strikes out swinging
|
|
Batting: RHB Chris Artz
|
0-0: SINGLE (Line Drive, 78M, EV 95.6 MPH)
|
|
Batting: SHB Nick Daigle
|
0-0: Called Strike 0-1: Ball 1-1: Fly out, F8 (Flyball, 8LS, EV 90.0 MPH)
|
| Top of the 6th over - 0 runs, 1 hit, 0 errors, 1 left on base; New Jersey 1 - Chester 1 |
| BOTTOM OF THE 6TH |
|
Chester Pirates batting - Pitching for New Jersey Devils : RHP Jason Horvath
|
|
Batting: RHB Tim Moore
|
0-0: Called Strike 0-1: Ball 1-1: Foul Ball, location: 2F 1-2: Ground out 5-3 (Groundball, 56, EV 103.8 MPH)
|
|
Batting: RHB Zach Chmieleski
|
0-0: Swinging Strike 0-1: Swinging Strike 0-2: Ball 1-2: Fly out, F7 (Flyball, 7LD, EV 101.9 MPH)
|
|
Batting: LHB Carlos Vega
|
0-0: Foul Ball, location: 2F 0-1: Foul Ball, location: 2F 0-2: Foul Ball, location: 2F 0-2: Strikes out looking
|
| Bottom of the 6th over - 0 runs, 0 hits, 0 errors, 0 left on base; New Jersey 1 - Chester 1 |
| TOP OF THE 7TH |
|
New Jersey Devils batting - Pitching for Chester Pirates : LHP Stan Stirnweiss
|
|
Batting: RHB Brian Bonin
|
0-0: Ball 1-0: Ball 2-0: Called Strike 2-1: Swinging Strike 2-2: Strikes out swinging
|
|
Batting: RHB Mike Hanks
|
0-0: Swinging Strike 0-1: Foul Ball, location: 2F 0-2: Foul Ball, location: 2F 0-2: Strikes out swinging, 2-3 out at first.
|
|
Batting: RHB Larry Shoop
|
0-0: Called Strike 0-1: Called Strike 0-2: Fly out, F9 (Flyball, 89D, EV 91.9 MPH)
|
| Top of the 7th over - 0 runs, 0 hits, 0 errors, 0 left on base; New Jersey 1 - Chester 1 |
| BOTTOM OF THE 7TH |
|
Chester Pirates batting - Pitching for New Jersey Devils : RHP Jason Horvath
|
|
Batting: RHB Jeff Edwards
|
0-0: Called Strike 0-1: Ground out 4-3 (Groundball, 4, EV 87.5 MPH)
|
|
Batting: RHB Dan Kurtz
|
0-0: Swinging Strike 0-1: Fly out, F9 (Flyball, 9, EV 90.0 MPH)
|
|
Batting: LHB Dustin Herman
|
0-0: Called Strike 0-1: Ball 1-1: Swinging Strike 1-2: Ball 2-2: Foul Ball, location: 2F 2-2: Ball 3-2: Base on Balls
|
|
Batting: RHB Frank Elizondo
|
0-0: Called Strike 0-1: Ball 1-1: Ball 2-1: Called Strike 2-2: Ball 3-2: Base on Balls Dustin Herman to second
|
|
Batting: RHB Erik Mulligan
|
0-0: Fly out, F7 (Flyball, 78S, EV 82.5 MPH)
|
| Bottom of the 7th over - 0 runs, 0 hits, 0 errors, 2 left on base; New Jersey 1 - Chester 1 |
| TOP OF THE 8TH |
|
New Jersey Devils batting - Pitching for Chester Pirates : LHP Stan Stirnweiss
|
|
Batting: LHB Bayesa Mundhir
|
0-0: Ball 1-0: Called Strike 1-1: Ball 2-1: Foul Ball, location: 2F 2-2: DOUBLE (Flyball, 78XD, EV 102.5 MPH)
|
|
Pitching: RHP Serguei Rudakovsky
|
|
|
Batting: RHB Gang-sheng Chew
|
0-0: Foul Ball, location: 2F 0-1: SINGLE (Line Drive, 4MD, EV 95.6 MPH) Bayesa Mundhir to third Runner from 3rd tries for Home, throw by CF and OUT! 8-2
|
|
Batting: RHB Bobby Coulombe
|
0-0: Ball 1-0: Ball 2-0: Called Strike 2-1: Ball 3-1: Called Strike 3-2: SINGLE (Line Drive, 8LS, EV 105.6 MPH) Gang-sheng Chew to second
|
|
Batting: SHB Alex Cavazos
|
0-0: SINGLE (Groundball, 34D, EV 96.9 MPH) Gang-sheng Chew to third Bobby Coulombe to second Runner from 3rd tries for Home, SAFE, throw by RF to home
|
|
Batting: RHB Chris Artz
|
0-0: Ball 1-0: Swinging Strike 1-1: Ball 2-1: Swinging Strike 2-2: Strikes out swinging
|
|
Batting: SHB Nick Daigle
|
0-0: Called Strike 0-1: Swinging Strike 0-2: Strikes out swinging
|
| Top of the 8th over - 1 run, 4 hits, 0 errors, 2 left on base; New Jersey 2 - Chester 1 |
| BOTTOM OF THE 8TH |
|
Chester Pirates batting - Pitching for New Jersey Devils : RHP Jason Horvath
|
|
Batting: RHB Terrence Wilson
|
0-0: Ball 1-0: Foul Ball, location: 2F 1-1: Fly out, F3 (Popup, 3, EV 59.4 MPH)
|
|
Batting: RHB Tim Moore
|
0-0: Foul Ball, location: 2F 0-1: Ground out 4-3 (Groundball, 34, EV 91.3 MPH)
|
|
Batting: RHB Zach Chmieleski
|
0-0: Ball 1-0: Ball 2-0: Ball 3-0: Base on Balls
|
|
Batting: LHB Carlos Vega
|
0-0: Ball 1-0: Called Strike 1-1: Ball 2-1: Ball 3-1: Base on Balls Zach Chmieleski to second
|
|
Batting: RHB Jeff Edwards
|
0-0: Called Strike 0-1: Foul Ball, location: 2F 0-2: Foul Ball, location: 2F 0-2: SINGLE (Flyball, 34D, EV 85.0 MPH) Zach Chmieleski to third Carlos Vega to second Runner from 3rd tries for Home, SAFE, throw by RF to home
|
|
Batting: RHB Dan Kurtz
|
0-0: Ball 1-0: Called Strike 1-1: Ball 2-1: Foul Ball, location: 2F 2-2: Ball 3-2: Ground out 6-3 (Groundball, 6, EV 90.6 MPH)
|
| Bottom of the 8th over - 1 run, 1 hit, 0 errors, 2 left on base; New Jersey 2 - Chester 2 |
| TOP OF THE 9TH |
|
New Jersey Devils batting - Pitching for Chester Pirates : RHP Serguei Rudakovsky
|
|
Pitching: RHP Steve Kane
|
|
|
Pinch Hitting: LHB Dan Bremseth
|
0-0: SINGLE (Groundball, 6M, EV 103.1 MPH) (infield hit)
|
|
Pinch Hitting: LHB Jeremy Moorehead
|
0-0: Called Strike Dan Bremseth steals 2nd base 0-1: Ball 1-1: Intentional Walk
|
|
Batting: RHB Larry Shoop
|
0-0: Foul Ball, location: 2F 0-1: Swinging Strike 0-2: Foul Ball, location: 2F 0-2: Strikes out looking
|
|
Batting: LHB Bayesa Mundhir
|
0-0: Ball 1-0: Ball 2-0: Called Strike 2-1: Ball 3-1: Foul Ball, location: 2F 3-2: Strikes out swinging
|
|
Batting: RHB Gang-sheng Chew
|
0-0: Ball 1-0: Called Strike 1-1: Ball 2-1: Foul Ball, location: 2F 2-2: Strikes out swinging
|
| Top of the 9th over - 0 runs, 1 hit, 0 errors, 2 left on base; New Jersey 2 - Chester 2 |
| BOTTOM OF THE 9TH |
|
Chester Pirates batting - Pitching for New Jersey Devils : RHP Jason Horvath
|
|
Pitching: RHP Jose Lara
|
|
|
Now at C: Keith Casner
|
|
|
Now at 1B: Justin Wallace
|
|
|
Batting: LHB Dustin Herman
|
0-0: Ball 1-0: Called Strike 1-1: Ball 2-1: Ball 3-1: Base on Balls
|
|
Batting: RHB Frank Elizondo
|
0-0: Ball 1-0: Fly out, F8 (Flyball, 8LXD, EV 89.4 MPH) Runner from 1st tags up, SAFE at 2nd
|
|
Batting: RHB Erik Mulligan
|
0-0: Called Strike 0-1: Ball 1-1: Foul Ball, location: 2F 1-2: Strikes out swinging
|
|
Batting: RHB Terrence Wilson
|
0-0: Foul Ball, location: 2F 0-1: Foul Ball, location: 2F 0-2: Ball 1-2: Ball 2-2: Ball Wild Pitch! Dustin Herman to third 3-2: Base on Balls
|
|
Batting: RHB Tim Moore
|
0-0: Ball 1-0: Called Strike 1-1: Swinging Strike 1-2: Fielders Choice at 2nd, 6-4 (Groundball, 6, EV 108.8 MPH)
|
| Bottom of the 9th over - 0 runs, 0 hits, 0 errors, 2 left on base; New Jersey 2 - Chester 2 |
| TOP OF THE 10TH |
|
New Jersey Devils batting - Pitching for Chester Pirates : RHP Steve Kane
|
|
Batting: RHB Bobby Coulombe
|
0-0: Ball 1-0: Ball 2-0: Ball 3-0: Called Strike 3-1: Foul Ball, location: 2F 3-2: Fly out, F8 (Flyball, 8LD, EV 100.6 MPH)
|
|
Batting: SHB Alex Cavazos
|
0-0: Foul Ball, location: 2F 0-1: Ground out 6-3 (Groundball, 6M, EV 83.8 MPH)
|
|
Pinch Hitting: SHB Jason Caruso
|
0-0: Called Strike 0-1: Called Strike 0-2: Ball 1-2: Foul Ball, location: 2F 1-2: Ball 2-2: Ball 3-2: Foul Ball, location: 2F 3-2: Strikes out swinging
|
| Top of the 10th over - 0 runs, 0 hits, 0 errors, 0 left on base; New Jersey 2 - Chester 2 |
| BOTTOM OF THE 10TH |
|
Chester Pirates batting - Pitching for New Jersey Devils : RHP Jose Lara
|
|
Now in LF: Larry Shoop
|
|
|
Now in CF: Matt Baker
|
|
|
Batting: RHB Zach Chmieleski
|
0-0: Ball 1-0: Ground out 5-3 (Groundball, 15, EV 85.0 MPH)
|
|
Batting: LHB Carlos Vega
|
0-0: Swinging Strike 0-1: Ball 1-1: Fly out, F4 (Popup, 13S, EV 80.6 MPH)
|
|
Batting: RHB Jeff Edwards
|
0-0: Ball 1-0: Foul Ball, location: 2F 1-1: Ball 2-1: Called Strike 2-2: Strikes out swinging
|
| Bottom of the 10th over - 0 runs, 0 hits, 0 errors, 0 left on base; New Jersey 2 - Chester 2 |
| TOP OF THE 11TH |
|
New Jersey Devils batting - Pitching for Chester Pirates : RHP Steve Kane
|
|
Pitching: LHP Juan Villegas
|
|
|
Batting: SHB Nick Daigle
|
0-0: Called Strike 0-1: Foul Ball, location: 2F 0-2: Ball 1-2: Ball 2-2: Ball 3-2: Foul Ball, location: 2F 3-2: Strikes out looking
|
|
Batting: SHB Justin Wallace
|
0-0: Ball 1-0: Called Strike 1-1: SINGLE (Flyball, 56D, EV 85.0 MPH)
|
|
Batting: SHB Keith Casner
|
0-0: Ball 1-0: SINGLE (Flyball, 89S, EV 90.0 MPH) Justin Wallace to second
|
|
Batting: RHB Larry Shoop
|
0-0: Fly out, F7 (Flyball, 78S, EV 88.1 MPH)
|
|
Batting: LHB Bayesa Mundhir
|
0-0: Called Strike 0-1: Called Strike 0-2: Ball 1-2: Strikes out swinging
|
| Top of the 11th over - 0 runs, 2 hits, 0 errors, 2 left on base; New Jersey 2 - Chester 2 |
| BOTTOM OF THE 11TH |
|
Chester Pirates batting - Pitching for New Jersey Devils : RHP Jose Lara
|
|
Batting: RHB Dan Kurtz
|
0-0: Fly out, F8 (Line Drive, 8RM, EV 87.5 MPH)
|
|
Batting: LHB Dustin Herman
|
0-0: Ball 1-0: Foul Ball, location: 2F 1-1: Fly out, F9 (Flyball, 9, EV 92.5 MPH)
|
|
Batting: RHB Frank Elizondo
|
0-0: Called Strike 0-1: Foul Ball, location: 2F 0-2: Ball 1-2: Ground out 4-3 (Groundball, 34D, EV 100.0 MPH)
|
| Bottom of the 11th over - 0 runs, 0 hits, 0 errors, 0 left on base; New Jersey 2 - Chester 2 |
| TOP OF THE 12TH |
|
New Jersey Devils batting - Pitching for Chester Pirates : LHP Juan Villegas
|
|
Batting: RHB Gang-sheng Chew
|
0-0: Ball 1-0: Foul Ball, location: 2F 1-1: Foul Ball, location: 2F 1-2: Ball 2-2: Foul Ball, location: 2F 2-2: Fly out, F9 (Flyball, 89S, EV 88.1 MPH)
|
|
Batting: RHB Bobby Coulombe
|
0-0: Ball 1-0: Called Strike 1-1: Called Strike 1-2: Ball 2-2: Strikes out looking
|
|
Batting: SHB Alex Cavazos
|
0-0: Ball 1-0: Ball 2-0: Ground out U3 (Groundball, 34, EV 91.9 MPH)
|
| Top of the 12th over - 0 runs, 0 hits, 0 errors, 0 left on base; New Jersey 2 - Chester 2 |
| BOTTOM OF THE 12TH |
|
Chester Pirates batting - Pitching for New Jersey Devils : RHP Jose Lara
|
|
Batting: RHB Erik Mulligan
|
0-0: Called Strike 0-1: Fly out, F8 (Flyball, 89D, EV 104.4 MPH)
|
|
Batting: RHB Terrence Wilson
|
0-0: Swinging Strike 0-1: Ball 1-1: Called Strike 1-2: Ball 2-2: Fly out, F3 (Line Drive, 3, EV 58.1 MPH)
|
|
Batting: RHB Tim Moore
|
0-0: Called Strike 0-1: Ball 1-1: Ball 2-1: Called Strike 2-2: Ground out 5-3 (Groundball, 56, EV 83.8 MPH)
|
| Bottom of the 12th over - 0 runs, 0 hits, 0 errors, 0 left on base; New Jersey 2 - Chester 2 |
| TOP OF THE 13TH |
|
New Jersey Devils batting - Pitching for Chester Pirates : LHP Juan Villegas
|
|
Batting: LHB Matt Baker
|
0-0: Foul Ball, location: 2F 0-1: Swinging Strike 0-2: Ball 1-2: Foul Ball, location: 2F 1-2: Foul Ball, location: 2F 1-2: SINGLE (Groundball, 4M, EV 105.0 MPH) (infield hit)
|
|
Batting: SHB Nick Daigle
|
0-0: Bunted foul 0-1: Bunted foul 0-2: Ball 1-2: Fly out, F8 (Flyball, 8RD, EV 104.4 MPH)
|
|
Pitching: RHP Tony Ortiz
|
|
|
Batting: SHB Justin Wallace
|
0-0: Called Strike 0-1: Ball 1-1: Ball Matt Baker is caught stealing 2nd base 2-6 2-1: Swinging Strike 2-2: Fly out, F8 (Flyball, 8LS, EV 78.1 MPH)
|
| Top of the 13th over - 0 runs, 1 hit, 0 errors, 0 left on base; New Jersey 2 - Chester 2 |
| BOTTOM OF THE 13TH |
|
Chester Pirates batting - Pitching for New Jersey Devils : RHP Jose Lara
|
|
Pitching: LHP Joe Edwards
|
|
|
Batting: RHB Zach Chmieleski
|
0-0: Called Strike 0-1: Foul Ball, location: 2F 0-2: Ground out 5-3 (Groundball, 56S, EV 81.3 MPH)
|
|
Batting: LHB Carlos Vega
|
0-0: DOUBLE (Line Drive, 78M, EV 115.0 MPH)
|
|
Batting: RHB Jeff Edwards
|
0-0: Ground out 3-1 (Groundball, 34, EV 85.6 MPH) Carlos Vega to third
|
|
Batting: RHB Dan Kurtz
|
0-0: Intentional Walk
|
|
Batting: LHB Dustin Herman
|
0-0: Ground out 4-3 (Groundball, 4, EV 86.3 MPH)
|
| Bottom of the 13th over - 0 runs, 1 hit, 0 errors, 2 left on base; New Jersey 2 - Chester 2 |
| TOP OF THE 14TH |
|
New Jersey Devils batting - Pitching for Chester Pirates : RHP Tony Ortiz
|
|
Batting: SHB Keith Casner
|
0-0: Ball 1-0: Ball 2-0: Called Strike 2-1: Ball 3-1: Foul Ball, location: 2F 3-2: Foul Ball, location: 2F 3-2: Foul Ball, location: 2F 3-2: Strikes out swinging
|
|
Batting: RHB Larry Shoop
|
0-0: Ball 1-0: Swinging Strike 1-1: SOLO HOME RUN (Flyball, 7LD, EV 92.5 MPH), Distance : 341 ft
|
|
Batting: LHB Bayesa Mundhir
|
0-0: Swinging Strike 0-1: Ball 1-1: Called Strike 1-2: Ball 2-2: Ground out 4-3 (Groundball, 4MS, EV 93.1 MPH)
|
|
Batting: RHB Gang-sheng Chew
|
0-0: Ball 1-0: Foul Ball, location: 2F 1-1: Ball 2-1: Called Strike 2-2: Ball 3-2: Strikes out swinging
|
| Top of the 14th over - 1 run, 1 hit, 0 errors, 0 left on base; New Jersey 3 - Chester 2 |
| BOTTOM OF THE 14TH |
|
Chester Pirates batting - Pitching for New Jersey Devils : LHP Joe Edwards
|
|
Batting: RHB Frank Elizondo
|
0-0: Swinging Strike 0-1: Called Strike 0-2: Ball 1-2: Strikes out swinging
|
|
Batting: RHB Erik Mulligan
|
0-0: Ball 1-0: Called Strike 1-1: Swinging Strike 1-2: Strikes out swinging
|
|
Batting: RHB Terrence Wilson
|
0-0: Foul Ball, location: 2F 0-1: Fly out, F8 (Line Drive, 8RM, EV 94.4 MPH)
|
| Bottom of the 14th over - 0 runs, 0 hits, 0 errors, 0 left on base; New Jersey 3 - Chester 2 |
|